 Dungeon Crawl Stone Soup version 0.27.1-1-g398f81649c (webtiles) character file.

Game seed: 11158393409988108154

21 DearestLeader the Chopper (level 2, 0/26 HPs)
             Began as a Minotaur Gladiator on Sept 15, 2021.
             Succumbed to an adder's poison
             ... on level 1 of the Dungeon.
             The game lasted 00:01:33 (917 turns).

DearestLeader the Chopper (Minotaur Gladiator)       Turns: 917, Time: 00:01:34

Health: 0/26       AC:  4    Str: 15 (18) XL:     2   Next: 65%
Magic:  1/1        EV: 12    Int:  3 (5)  God:
Gold:   24         SH:  0    Dex:  9 (11) Spells: 1/1 levels left

rFire    . . .     SeeInvis .   a - +0 war axe
rCold    . . .     Faith    .   (no shield)
rNeg     . . .     Spirit   .   g - +0 leather armour
rPois    .         Reflect  .   c - +0 hat
rElec    .         Harm     .   (no cloak)
rCorr    .         Rampage  .   (no gloves)
Will     .....                  h - +0 pair of boots
Stlth    +.........             (no amulet)
HPRegen  0.08/turn              (no ring)
MPRegen  0.07/turn              (no ring)

@: lethally poisoned (0 -> -6)
A: horns 2, retaliatory headbutt
a: no special abilities


You were on level 1 of the Dungeon.
You visited 1 branch of the dungeon, and saw 2 of its levels.

You collected 24 gold pieces.

Inventory:

Hand Weapons
 a - a +0 war axe (weapon)
Missiles
 d - 3 throwing nets (quivered)
Armour
 b - a +0 leather armour
 c - a +0 hat (worn)
 g - a +0 leather armour (worn)
 h - a +0 pair of boots (worn)
Scrolls
 f - a scroll of identify {unknown}


   Skills:
 - Level 3.0 Fighting
 * Level 4.5 Axes
 - Level 2.0 Throwing
 - Level 3.2 Dodging


You had one spell level left.
You didn't know any spells.
Your spell library was empty.

Dungeon Overview and Level Annotations

Branches:
Dungeon (2/15)

Altars:


Innate Abilities, Weirdness & Mutations

You have a pair of horns on your head.
You reflexively headbutt those who attack you in melee.


Message History

The adder bites you but does no damage.
You barely miss the adder.
The goblin shouts!
You hear a shout!
The adder closely misses you. You furiously retaliate!
You headbutt the adder. The adder bites you but does no damage.
You closely miss the adder.
The adder is heavily wounded.
You hit the goblin. The adder barely misses you.
A rat comes into view.
The goblin misses you. The adder bites you.
You hit the goblin.
You kill the goblin!
You closely miss the adder. The adder bites you.
You are poisoned.
The adder poisons you!
You miss the adder.
The adder is heavily wounded.
You feel sick. The adder misses you. The adder bites you.
You are more poisoned.
The adder poisons you!
You are too injured to fight recklessly!
You feel sick.
You feel sick.
You feel sick.
You feel sick. The rat barely misses you. You furiously retaliate!
You headbutt the rat!
You kill the rat!
There is a stone staircase leading up here.
You feel sick. The adder bites you.
* * * LOW HITPOINT WARNING * * *
You are lethally poisoned!
The adder poisons you!
You climb upwards.
* * * LOW HITPOINT WARNING * * *
You feel sick.
There is a stone staircase leading down here.
It was a potion of degeneration.
There was something very wrong with that liquid.
You feel weakened.
You feel dopey.
You feel clumsy.
You die...

#..# #..# ##### ####
#..# #...# #... #..#
#...# #...
##########).# #...#
#... #...........#
#...# #...
#.########..# #..[#
#... #.....#
#..###...######...
#####.#
#@...+...'........
#.#####'###...#########
#.............#
#...........###
#...........#
#...........#
##..........#
#..........#
#..........#


There were no monsters in sight!

Vanquished Creatures
  A ball python (D:1)
  A bat (D:2)
  2 endoplasms
  3 goblins
  A hobgoblin (D:1)
  3 kobolds
  2 quokkas (D:1)
  5 rats
18 creatures vanquished.

Notes
Turn   | Place    | Note
-------+----------+-------------------------------------------
     0 | D:1      | DearestLeader the Minotaur Gladiator began the quest for
                  | the Orb.
     0 | D:1      | Reached XP level 1. HP: 18/18 MP: 0/0
   289 | D:1      | Reached skill level 4 in Axes
   306 | D:1      | Reached XP level 2. HP: 19/25 MP: 1/1
   611 | D:1      | Found a faded altar of an unknown god.
   916 | D:1      | HP: 1/26 [poisoned by an adder]
   917 | D:1      | Succumbed to an adder's poison

Illustrated notes

Levels and vault maps discovered:
D:1:      dpeg_arrival_castle, layout_basic, shapermc_ecumenical_altar_venn
D:2:      layout_rooms, minmay_octomino_e4

Skill      XL: |  1  2 |
---------------+-------+-----
Axes           | 4 |  4.5
Fighting       | 3 |  3.0
Throwing       | |  2.0
Dodging        | |  3.2

Action                   || total
-------------------------++-------
Melee: War axe           ||    35
       Headbutt          ||     2
  Use: Potion            ||     1
 Stab: Sleeping          ||     1
Armor: Leather armour    ||     8
Dodge: Dodged            ||    28
